 Dungeon Crawl Stone Soup version 0.17-a0-1508-ge7f3dc3 (webtiles) character file.

4282 Chiseanne the Destroyer (level 10, -7/63 HPs)
             Began as a Demonspawn Wizard on July 10, 2015.
             Mangled by Erica
             ... wielding a +3 scimitar of flaming
              (10 damage)
             ... on level 8 of the Dungeon.
             The game lasted 00:45:44 (10751 turns).

Chiseanne the Destroyer (Demonspawn Wizard)        Turns: 10751, Time: 00:45:44

Health: -7/63      AC: 12    Str:  8    XL:     10   Next: 10%
Magic:  12/24      EV: 12    Int: 22    God:
Gold:   146        SH:  4    Dex: 15    Spells: 6 memorised, 16 levels left

rFire  x . .     SeeInvis .     d - +12 dagger of the Spectre {flame, +Fly rElec rF- rN++}
rCold  . . .     Clarity  .     P - +2 robe {MR+}
rNeg   + + .     SustAt   .     (no shield)
rPois  .         Gourm    .     b - +0 hat
rElec  +         Spirit   .     L - +0 cloak
rCorr  .         Warding  .     B - +2 pair of gloves {Dex+3}
rMut   .         Stasis   .     (no boots)
MR     +....                    (no amulet)
Stlth  ++........               (no ring)
                                (no ring)

@: lethally poisoned (-7 -> -11), very slightly contaminated, repel missiles,
drained, somewhat resistant to hostile enchantments, unstealthy
A: claws 2, large bone plates 3
a: Evoke Flight


You were on level 8 of the Dungeon.
You were not hungry.

You visited 2 branches of the dungeon, and saw 9 of its levels.

You collected 398 gold pieces.
You spent 252 gold pieces at shops.

Inventory:

Hand weapons
 a - a +2 short sword of protection
 d - the +12 dagger of the Spectre (weapon) {flame, +Fly rElec rF- rN++}
   (You bought it in a shop on level 5 of the Dungeon)

   It has been specially enchanted to burn those struck by it, causing extra
   injury to most foes and up to half again as much damage against particularly
   susceptible opponents.
   It makes you vulnerable to fire.
   It insulates you from electricity.
   It greatly protects you from negative energy.
   It lets you fly.
 f - a +2 whip of electrocution
 s - the +5 hammer "Zifareyx" {venom, *Confuse rElec rN+ Stlth+}
   (You found it on level 4 of the Dungeon)

   It poisons the flesh of those it strikes.
   It insulates you from electricity.
   It protects you from negative energy.
   It may confuse you when you take damage.
   It makes you more stealthy.
 w - a +0 blowgun
 A - a +2 flail of protection
Missiles
 g - 5 poisoned arrows
 h - 35 sling bullets
 q - 23 poisoned needles
 u - 15 poisoned bolts
 v - 34 exploding sling bullets
 y - 54 arrows
 C - 4 tomahawks
 H - 10 steel bolts
 I - 11 bolts
 J - 4 throwing nets
 M - 9 sling bullets of frost
 O - 2 javelins (quivered)
 Q - 9 arrows of frost
 S - 7 arrows of flame
Armour
 b - a +0 hat (worn)
 t - a cursed -1 ring mail
 B - a +2 pair of gloves of dexterity (worn)
 L - a +0 cloak (worn)
 P - a +2 robe of magic resistance (worn)
Jewellery
 m - a cursed ring of loudness {unknown}
Magical devices
 j - a wand of heal wounds (0)
Scrolls
 l - a scroll of amnesia {unknown}
 K - a scroll of immolation
 R - a scroll of teleportation
Potions
 e - 3 potions of curing
 i - 2 potions of heal wounds
 k - a potion of flight
 n - a potion of cancellation
 o - a potion of agility {unknown}
 r - 3 potions of brilliance
 N - 3 potions of invisibility
Books
 c - a book of Minor Magic

   Spells                             Type                      Level
   a - Magic Dart                     Conjuration                  1
   b - Blink                          Translocation                2
   c - Call Imp                       Summoning                    2
   d - Repel Missiles                 Charms/Air                   2
   e - Slow                           Hexes                        2
   f - Conjure Flame                  Conjuration/Fire             3
   g - Mephitic Cloud                 Conjuration/Poison/Air       3
Comestibles
 p - 12 bread rations
 z - a meat ration
 D - 2 beef jerkies


   Skills:
 - Level 1.7(1.2) Dodging
 - Level 1.7(1.2) Stealth
 + Level 10.0(9.4) Spellcasting
 + Level 10.4(9.7) Conjurations
 - Level 1.0(0.5) Summonings
 - Level 0.8(0.3) Translocations


You had 16 spell levels left.
You knew the following spells:

 Your Spells              Type           Power        Failure   Level  Hunger
a - Magic Dart            Conj           ####         1%          1    None
b - Blink                 Tloc           N/A          10%         2    None
c - Call Imp              Summ           ##......     10%         2    None
d - Repel Missiles        Chrm/Air       ##....       12%         2    None
e - Mephitic Cloud        Conj/Pois/Air  ###.....     6%          3    None
f - Conjure Flame         Conj/Fire      ####....     2%          3    None


Dungeon Overview and Level Annotations

Branches:
Dungeon (8/15)             Temple (1/1) D:6
   Lair: D:8-11

Altars:
Ashenzari
Cheibriados
Dithmenos
Elyvilon
Fedhas
Gozag
Kikubaaqudgha
Makhleb
Nemelex Xobeh
Okawaru
Qazlal
Ru
Sif Muna
Trog
Xom
Yredelemnul
Zin
The Shining One

Shops:
D:4 %   D:5 *(

Annotations:
D:5 Menkaure
D:8 Erica


Innate Abilities, Weirdness & Mutations

You have very sharp fingernails.
You are completely covered in large bone plates (AC +4, SH +4).


Message History

You feel sick.
Erica is engulfed in noxious fumes.
You feel sick.
You feel sick.
You see here a runed falchion.
You feel sick. Erica barely misses you.
You barely miss Erica.
Erica is severely wounded.
You feel sick.
Wield which item (- for none, * to show all)? (? for menu, Esc to quit)
The +5 hammer "Zifareyx" {venom, *Confuse rElec rN+ Stlth+} stops dripping with poison.
It bursts into flame!
d - the +12 dagger of the Spectre (weapon)
{flame, +Fly rElec rF- rN++} You catch the helpless Erica completely off-guard!
You puncture Erica! You burn Erica.
Erica is almost dead.
You feel sick.
Erica seems less confused.
Erica hits you with a scimitar of flaming!
* * * LOW HITPOINT WARNING * * *
Erica burns you!
You die...

############
#.....@....# ##
#....@.)...+ .#
#....ยง.....###%#
#..............#
########'#[)#..#
#.##.#..#
#.[)....#
#######<##.###
..........>..#


You could see Erica.

Vanquished Creatures
  Pikel (D:6)
  Grinder (D:4)
  Sigmund (D:4)
  A spriggan (D:7)
  A hippogriff (D:7)
  Edmund (D:6)
  A hungry ghost (D:6)
  Purgy (D:3)
  A sky beast (D:7)
  4 centaurs (D:7)
  A black bear (D:7)
  2 orc warriors
  3 ogres
  A big kobold (D:7)
  2 gnoll sergeants (D:7)
  2 giant frogs
  4 scorpions
  8 wights
  An electric eel (D:7)
  A jelly (D:7)
  3 crimson imps
  2 giant frog skeletons (D:6)
  Crazy Yiuf (D:4)
  2 iguanas
  2 orc priests (D:7)
  6 orc wizards
  A gnoll shaman (D:6)
  3 worker ants
  2 hound zombies
  A worker ant zombie (D:6)
  5 adders
  23 gnolls
  3 shadow imps
  2 oozes
  2 worms
  A giant gecko (D:3)
  16 orcs
  2 ball pythons
  9 bats
  A bat skeleton (D:4)
  5 giant cockroaches
  7 goblins
  14 hobgoblins
  14 jackals
  2 quokkas (D:3)
  A giant gecko zombie (D:6)
  2 giant newts
  23 kobolds
  A quokka skeleton (D:4)
  12 rats
  4 plants (D:7)
210 creatures vanquished.

Vanquished Creatures (collateral kills)
  An ogre (D:7)
  Terence (D:3)
  4 worms
  An orc (D:3)
  A giant cockroach (D:2)
  A kobold (D:3)
  A bat (D:2)
  A giant newt (D:2)
  A rat (D:2)
12 creatures vanquished.

Vanquished Creatures (others)
  A wizard (D:6)
  A gnoll (D:7)
  An orc (D:6)
  A jackal (D:6)
  A kobold (D:7)
  3 bushes (D:7)
8 creatures vanquished.

Grand Total: 230 creatures vanquished

Notes
Turn   | Place    | Note
--------------------------------------------------------------
     0 | D:1      | Chiseanne the Demonspawn Wizard began the quest for the Orb.
     0 | D:1      | Reached XP level 1. HP: 13/13 MP: 4/4
   746 | D:1      | Gained mutation: You are partially covered in large bone plates (AC +2, SH +2). [demonic ancestry]
   746 | D:1      | Reached XP level 2. HP: 19/19 MP: 0/6
  1505 | D:1      | Learned a level 2 spell: Blink
  1508 | D:1      | Learned a level 2 spell: Call Imp
  1511 | D:1      | Learned a level 2 spell: Repel Missiles
  1803 | D:2      | Reached XP level 3. HP: 17/24 MP: 0/8
  2594 | D:2      | Reached skill level 4 in Spellcasting
  2594 | D:2      | Gained mutation: You have sharp fingernails. [demonic ancestry]
  2594 | D:2      | Reached XP level 4. HP: 28/30 MP: 0/10
  2991 | D:3      | Noticed Terence
  3008 | D:3      | Killed Terence
  3076 | D:3      | Noticed Purgy
  3358 | D:3      | Killed Purgy
  3358 | D:3      | Gained mutation: You are mostly covered in large bone plates (AC +3, SH +3). [demonic ancestry]
  3358 | D:3      | Reached XP level 5. HP: 18/35 MP: 12/12
  4086 | D:3      | Found a bloodstained altar of Trog.
  4259 | D:3      | Reached skill level 5 in Spellcasting
  4463 | D:4      | Noticed Sigmund
  4470 | D:3      | Learned a level 3 spell: Mephitic Cloud
  4474 | D:3      | Learned a level 3 spell: Conjure Flame
  4494 | D:4      | Killed Sigmund
  4494 | D:4      | Reached XP level 6. HP: 41/41 MP: 8/14
  4556 | D:4      | Noticed Grinder
  4582 | D:4      | Killed Grinder
  4582 | D:4      | Reached skill level 5 in Conjurations
  4582 | D:4      | Reached XP level 7. HP: 8/46 MP: 0/15
  4904 | D:4      | Noticed a phantom
  5310 | D:4      | Reached skill level 6 in Spellcasting
  5373 | D:4      | Found Dain's Food Shoppe.
  5432 | D:4      | Bought a royal jelly for 22 gold pieces
  5432 | D:4      | Bought a slice of pizza for 16 gold pieces
  5688 | D:4      | Noticed Crazy Yiuf
  5716 | D:4      | Killed Crazy Yiuf
  5729 | D:4      | Got an ichor-stained hammer
  5802 | D:5      | Entered Level 5 of the Dungeon
  5921 | D:5      | Found Xengit's Antique Weapon Shop.
  5926 | D:5      | Identified the +5 hammer "Zifareyx" {venom, *Confuse rElec rN+ Stlth+} (You found it on level 4 of the Dungeon)
  5945 | D:5      | Bought a fine dagger for 175 gold pieces
  5949 | D:5      | Identified the +12 dagger of the Spectre {flame, +Fly rElec rF- rN++} (You bought it in a shop on level 5 of the Dungeon)
  6095 | D:5      | Found Siete's General Store.
  6160 | D:5      | Bought a potion of curing for 39 gold pieces
  6212 | D:5      | Noticed Menkaure
  6742 | D:6      | Found a bloodstained altar of Trog.
  6744 | D:6      | Noticed Edmund
  6761 | D:6      | Killed Edmund
  6909 | D:6      | Gained mutation: You are completely covered in large bone plates (AC +4, SH +4). [demonic ancestry]
  6909 | D:6      | Reached XP level 8. HP: 39/52 MP: 5/18
  7120 | D:6      | Identified a cursed -2 rod of inaccuracy (9/9) (You found it on level 6 of the Dungeon)
  7178 | D:6      | Reached skill level 7 in Spellcasting
  7350 | D:6      | Noticed Pikel
  7364 | D:6      | Killed Pikel
  7364 | D:6      | Reached skill level 8 in Spellcasting
  7745 | D:6      | Gained mutation: You have very sharp fingernails. [demonic ancestry]
  7745 | D:6      | Reached XP level 9. HP: 57/57 MP: 10/21
  7854 | D:6      | Found a staircase to the Ecumenical Temple.
  7861 | Temple   | Entered the Ecumenical Temple
  8374 | D:6      | Noticed a wizard
  8376 | D:6      | Killed a wizard
  8681 | D:7      | Reached skill level 9 in Conjurations
  9753 | D:7      | Reached skill level 10 in Conjurations
  9874 | D:7      | Reached XP level 10. HP: 53/63 MP: 23/23
 10161 | D:7      | Found a blossoming altar of Fedhas.
 10193 | D:7      | Found a basalt altar of Yredelemnul.
 10196 | D:7      | Found a stormy altar of Qazlal.
 10197 | D:7      | Found a glowing silver altar of Zin.
 10218 | D:7      | Found an ancient bone altar of Kikubaaqudgha.
 10221 | D:7      | Found a shadowy altar of Dithmenos.
 10455 | D:8      | Reached skill level 10 in Spellcasting
 10470 | D:8      | Noticed Erica
 10751 | D:8      | HP: 3/63 [Erica/scimitar of flaming (15)]
 10751 | D:8      | Mangled by Erica

Vault maps used:
D:1:      minmay_arrival_diagonal_passages, fountainhead
D:2:      kennysheep_big_flooded_room
D:3:      lightli_temple_of_fire, minmay_fountain_box, uniq_purgy, uniq_terence
D:4:      serial_shops, shop_coins, first_bread, uniq_crazy_yiuf_cottage,
          uniq_sigmund, uniq_grinder
D:5:      serial_shops, kennysheep_mini, kennysheep_mini_moat, shop, shop,
          nicolae_shop_temple_entry_statues_fountains, uniq_menkaure
D:6:      corexii_shack_village, trog_wizard, uniq_edmund, uniq_pikel
D:7:      minmay_overflow_temple_star_hex, minmay_liquid_box, the_bakery,
          serial_bayou_ford_a, fedhas_bush_and_centaur_altar
D:8:      uniq_erica
Temple:   jpeg_temple_clearing_12

Action                   |  1- 3 |  4- 6 |  7- 9 | 10-12 || total
-------------------------+-------+-------+-------+-------++-------
Melee: Dagger            |    59 |     1 |    15 |     1 ||    76
       Unarmed           |     6 |       |       |       ||     6
       Short sword       |       |    41 |    46 |       ||    87
       Hammer            |       |       |   125 |    47 ||   172
       Blowgun           |       |       |     1 |       ||     1
       Whip              |       |       |       |    10 ||    10
 Fire: Blowgun           |       |       |    77 |     7 ||    84
Throw: Javelin           |       |       |     7 |       ||     7
       Tomahawk          |       |       |     6 |     1 ||     7
 Cast: Magic Dart        |    84 |    96 |   229 |    40 ||   449
       Call Imp          |     8 |    13 |     2 |     1 ||    24
       Repel Missiles    |     1 |       |     1 |     1 ||     3
       Mephitic Cloud    |       |     2 |    42 |     6 ||    50
       Conjure Flame     |       |       |    12 |     3 ||    15
       Blink             |       |       |     3 |     2 ||     5
Evoke: Wand              |       |       |     3 |       ||     3
  Use: Scroll            |     2 |     4 |     7 |     2 ||    15
       Potion            |       |     1 |     2 |       ||     3
 Stab: Invisible         |       |     5 |       |       ||     5
       Confused          |       |     1 |    16 |     3 ||    20
       Distracted        |       |       |     1 |       ||     1
  Eat: Chunk             |     5 |     6 |    15 |       ||    26
       Fruit             |       |       |     1 |     3 ||     4
       Royal jelly       |       |       |     1 |       ||     1
       Pizza             |       |       |       |     1 ||     1
